 Dungeon Crawl Stone Soup version 0.17.1-2-g5865329 (webtiles) character file.

1680323 Starbucks the Axe Maniac (level 27, 273/273 HPs)
             Began as a Minotaur Fighter on Jan 26, 2016.
             Was a High Priest of Trog.
             Escaped with the Orb
             ... and 3 runes on Jan 30, 2016!
             The game lasted 06:45:47 (88512 turns).

Starbucks the Axe Maniac (Minotaur Fighter)        Turns: 88512, Time: 06:45:47

Health: 273/273    AC: 36    Str: 26    XL:     27
Magic:  10/10      EV: 35    Int:  5    God:    Trog [*****.]
Gold:   8635       SH:  0    Dex: 20    Spells: 0 memorised, 26 levels left

rFire  + + +     SeeInvis +     q - +9 executioner's axe (antimagic)
rCold  x . .     Clarity  +     W - +8 fire dragon armour
rNeg   + + .     SustAt   .     (shield currently unavailable)
rPois  +         Gourm    .     (helmet restricted)
rElec  .         Spirit   .     l - +4 cloak of Kuanaif {+Fly rPois MP+9 Dex-4}
rCorr  .         Warding  .     V - +2 pair of fencer's gloves {LBl+4 SBl+4 EV+3 Dex+6}
rMut   .         Stasis   .     B - +2 pair of boots
MR     +++++                    M - amulet of the Four Winds {Clar rN+ MR+++}
Stlth  +.........               c - ring of the Duke {rPois rN+ Int+2 Slay+2 SInv}
                                v - ring "Qemolec" {*Drain rF+ Int-2 Dex+6}

@: contaminated, glowing, almost entirely resistant to hostile enchantments,
very unstealthy
A: retaliatory headbutt, horns 2, camouflage 1, blurry vision 2, clumsy 2,
deformed body, dopey 1, slow regeneration 1, spit poison 2, wild magic 1,
MP-powered wands
a: Spit Poison, Berserk, Trog's Hand, Brothers in Arms, Burn Spellbooks,
Renounce Religion, Evoke Flight
0: Orb of Zot
}: 3/15 runes: decaying, serpentine, silver


You escaped.
You worshipped Trog.
Trog was extremely pleased with you.
You were not hungry.

You visited 13 branches of the dungeon, and saw 64 of its levels.
You visited the Abyss 3 times.
You visited 1 bazaar.
You also visited: Labyrinth, Trove and Ice Cave.

You collected 10733 gold pieces.
You spent 2098 gold pieces at shops.

Inventory:

Hand Weapons
 b - the +5 battleaxe of Scorn {freeze, Int+4}
   (Trog gifted it to you on level 7 of the Lair of Beasts)

   It has been specially enchanted to freeze those struck by it, causing extra
   injury to most foes and up to half again as much damage against particularly
   susceptible opponents.
   It can also slow down cold-blooded creatures.
   It affects your intelligence (+4).
 f - a +4 executioner's axe of distortion
 p - the +10 executioner's axe of Vohaadwu {chop, Int+4}
   (Trog gifted it to you on level 4 of the Realm of Zot)

   It inflicts extra damage upon your enemies.
   It affects your intelligence (+4).
 q - a +9 antimagic executioner's axe (weapon)
Armour
 e - a +0 gold dragon armour
 i - a +0 storm dragon armour
 l - the +4 cloak of Kuanaif (worn) {+Fly rPois MP+9 Dex-4}
   (You found it on level 5 of the Vaults)

   It affects your dexterity (-4).
   It protects you from poison.
   It affects your magic capacity (+9).
   It lets you fly.
 m - a +0 pearl dragon armour
 t - the +2 cloak of the Crown {-Tele Str+4 Dex+4 Slay+3}
   (You found it on level 4 of the Dungeon)

   It affects your strength (+4).
   It affects your dexterity (+4).
   It affects your accuracy and damage with ranged weapons and melee attacks
   (+3).
   It prevents most forms of teleportation.
 u - the +3 leather armour of the Raven {+Blink MR+++ SInv}
   (You took it off a deep elf sorcerer on level 3 of the Elven Halls)

   It affects your resistance to hostile enchantments.
   It lets you see invisible.
   It lets you blink.
 B - a +2 pair of boots (worn)
 F - the +3 faerie dragon armour {+Fly Str+2 Dex+2}
   (You took it off the Enchantress on level 2 of the Depths)

   It affects your strength (+2).
   It affects your dexterity (+2).
   It lets you fly.
 V - the +2 pair of fencer's gloves (worn) {LBl+4 SBl+4 EV+3 Dex+6}
   (You acquired it on level 12 of the Dungeon)

   It affects your evasion (+3).
   It affects your dexterity (+6).
 W - a +8 fire dragon armour (worn)
Jewellery
 a - the ring of Circularity {Fire *Confuse +Blink rPois Int-5}
   (You found it on level 5 of the Vaults)

   [ring of fire]

   It enhances your fire magic, and weakens your ice magic.
   It affects your intelligence (-5).
   It protects you from fire.
   It makes you vulnerable to cold.
   It protects you from poison.
   It lets you blink.
   It may confuse you when you take damage.
 c - the ring of the Duke (right hand) {rPois rN+ Int+2 Slay+2 SInv}
   (You found it in a labyrinth)

   [ring of positive energy]

   It affects your intelligence (+2).
   It affects your accuracy and damage with ranged weapons and melee attacks
   (+2).
   It protects you from poison.
   It protects you from negative energy.
   It lets you see invisible.
 d - an uncursed ring of fire
 v - the ring "Qemolec" (left hand) {*Drain rF+ Int-2 Dex+6}
   (You took it off a deep elf sorcerer on level 3 of the Elven Halls)

   [ring of intelligence]

   It affects your intelligence (-2).
   It affects your dexterity (+6).
   It protects you from fire.
   It causes draining when unequipped.
 I - the ring "Iklutuuff" {+Inv Dex+4}
   (You found it on level 8 of the Lair of Beasts)

   [ring of invisibility]

   It affects your dexterity (+4).
   It lets you turn invisible.
 M - the amulet of the Four Winds (around neck) {Clar rN+ MR+++}
   (You found it on level 5 of the Vaults)

   [amulet of clarity]

   It provides mental clarity.
   It protects you from negative energy.
   It affects your resistance to hostile enchantments.
 X - the ring "Fymy" {Wiz Dex+4}
   (You took it off a deep elf sorcerer on level 3 of the Elven Halls)

   [ring of wizardry]

   It improves your spell success rate.
   It affects your dexterity (+4).
 Y - the ring "Nox Rod" {*Drain rPois EV+1 Str+4}
   (You found it in a treasure trove)

   [ring of evasion]

   It affects your evasion (+1).
   It affects your strength (+4).
   It protects you from poison.
   It causes draining when unequipped.
Wands
 z - a wand of digging (2)
 A - a wand of polymorph (5)
 G - a wand of hasting (0)
 N - a wand of hasting (0)
Scrolls
 g - 11 scrolls of identify
 h - 2 scrolls of holy word
 j - 7 scrolls of enchant weapon
 k - 8 scrolls of blinking
 o - 18 scrolls of teleportation
 r - 5 scrolls of magic mapping
 y - 5 scrolls of fear
 E - 9 scrolls of fog
 K - 25 scrolls of remove curse
 O - 2 scrolls of summoning
 R - 9 scrolls of recharging
 T - a scroll of brand weapon
 U - 2 scrolls of silence
Potions
 n - 5 potions of resistance
 w - 8 potions of curing
 C - 3 potions of agility
 J - 9 potions of might
 L - 4 potions of brilliance
 Q - 5 potions of invisibility
 S - a potion of berserk rage
Comestibles
 s - 2 bread rations
 H - 14 fruits
 P - 8 beef jerkies
 Z - 5 slices of pizza


   Skills:
 O Level 27 Fighting
 O Level 27 Axes
 O Level 27 Armour
 O Level 27 Dodging
 + Level 21.9 Stealth
   Level 3.6 Shields


You had 26 spell levels left.
You didn't know any spells.

Dungeon Overview and Level Annotations

Branches:
Dungeon (15/15)            Temple (1/1) D:5            Lair (8/8) D:10
  Swamp (4/4) Lair:3        Snake (4/4) Lair:4        Slime (6/6) Lair:7
    Orc (4/4) D:10            Elf (3/3) Orc:3        Vaults (5/5) D:13
  Crypt (3/3) Vaults:2       Tomb (0/3) Crypt:3      Depths (5/5) D:15
   Hell (1/1)                 Zot (5/5) Depths:5
    Dis: Hell:1         Geh: Hell:1         Coc: Hell:1         Tar: Hell:1

Altars:
Ashenzari
Dithmenos
Elyvilon
Gozag
Nemelex Xobeh
Okawaru
Qazlal
Ru
Sif Muna
Trog
Vehumet
Xom
Yredelemnul
Zin
The Shining One
Beogh
Lugonu

Shops:
D:9 }}?=%   Orc:1 ?   Orc:4 :[*(   Elf:1 }   Elf:3 =   Snake:1 *   Snake:3 ?(}
Vaults:3 :

Portals:
Hell: Depths:1 Depths:2 Depths:3 Depths:4 Depths:5
Abyss: Depths:3 Depths:4
Pandemonium: Depths:2 Depths:3 Depths:4
Ziggurat: Depths:3


Innate Abilities, Weirdness & Mutations

You reflexively headbutt those who attack you in melee.
You have a pair of horns on your head.
Your skin changes colour to match your surroundings (Stealth).
Scrolls take you longer to read.
You are very clumsy. (Dex -4)
Armour fits poorly on your strangely shaped body.
You are dopey. (Int -2)
You regenerate slowly when monsters are visible.
You can spit poison.
Your spells are a little harder to cast, but a little more powerful.
You expend magic power (3 MP) to strengthen your wands.


Message History

Where to? (* - list waypoints, Enter - D:1, ? - help)
Okay, then.
A sun demon comes into view.
Evoke which item? (* to show all) (? for menu, Esc to quit)
Zapping:
G - a wand of hasting (1)
Press: ? - help, Shift-Dir - straight line, f - you You feel yourself speed up.
You are contaminated with residual magic.
This wand has 0 charges left.
You see here a club.
Firing (i - inventory): No suitable missiles.
Press: ? - help, Shift-Dir - straight line
Okay, then.
Your extra speed is starting to run out.
You feel yourself slow down.
There is an open door here.
Your body shudders with the violent release of wild energies!
Your vision blurs.
There is a staircase leading out of the dungeon here.
You have escaped!

#...............P.P..#..#
#♣.......#..#..P)P.P.#..#
♣.......#..#.....P.8#..#
♣♣......#..#8...P...#..#
♣♣.....#..#...P.P..#..#
♣♣♣...#..#......P.#..#
♣♣..#'##........#'##
♣♣##..##########..##
#@...'......#†...#
#....#......')...#
##..##########..## ####
####


There were no monsters in sight!

Vanquished Creatures
  Dissolution (Slime:3)
  The ghost of murphy the Ninja, a legendary NaMo of Cheibriados (Zot:4)
  10 orbs of fire
  6 ancient liches
  Mara (Vaults:5)
  6 juggernauts
  Sojobo (Depths:3)
  Boris (Vaults:5)
  Frederick (Depths:3)
  the Lernaean hydra (Swamp:4)
  Norris (Depths:2)
  Saint Roka (Depths:1)
  A curse toe (Zot:5)
  A caustic shrike (Depths:3)
  4 Killer Klowns
  Geryon (Hell)
  2 pandemonium lords
  The ghost of riffraff the Slayer, a veteran GrFi of Okawaru (Slime:5)
  Nikola (Elf:1)
  9 golden dragons
  Jory (Crypt:3)
  the Enchantress (Depths:2)
  A profane servitor (Crypt:3)
  Xtahua (Crypt:2)
  4 bone dragons
  7 liches
  3 electric golems
  Jorgrun (Crypt:2)
  A hellephant (Hell)
  18 tentacled monstrosities
  Rupert (Orc:4)
  2 quicksilver dragons
  9 titans
  Asterion (Elf:2)
  21 Orb Guardians
  A deep elf master archer (Elf:3)
  2 deep elf blademasters
  An Executioner (Abyss:1)
  13 death cobs
  2 ancient champions
  An octopode crusher (Depths:4)
  7 sphinxes
  6 tengu reavers
  8 acid blobs
  4 tentacled starspawn (Abyss:1)
  Agnes (Elf:1)
  Frances (Depths:3)
  4 thorn hunters
  Kirke (D:14)
  3 draconian monks
  8 shadow dragons
  20 storm dragons
  3 revenants
  11 greater nagas
  11 fire giants
  7 azure jellies
  Wiglaf (Depths:3)
  Donald (Orc:4)
  5 draconian knights
  3 balrugs
  3 iron dragons (Vaults:5)
  5 frost giants
  11 deep elf sorcerers
  2 cacodemons
  Aizul (Depths:2)
  Louise (Depths:3)
  4 draconian scorchers
  A ghost moth (Zot:3)
  An orc warlord (Orc:4)
  13 vault wardens
  3 draconian zealots
  4 ghouls
  9 very ugly things
  6 draconian shifters
  8 spriggan defenders
  20 ironheart preservers
  2 reapers
  3 draconian annihilators
  A ghost moth (shapeshifter) (Vaults:5)
  3 draconian callers
  The ghost of cba the Imperceptible, an adept FeBe of Trog (Elf:2)
  20 stone giants
  10 vampire knights
  2 war gargoyles
  Nessos (Orc:4)
  A salamander firebrand (Hell)
  10 black draconians
  3 salamander stormcallers
  2 lorocyprocas
  11 deep elf annihilators
  9 green draconians
  13 mottled draconians
  5 deep elf demonologists
  12 purple draconians
  11 yellow draconians
  7 white draconians
  12 red draconians
  A blizzard demon (Abyss:1)
  13 ettins
  8 deep elf death magi
  An eidolon (Crypt:1)
  A death ooze (Slime:1)
  24 fire dragons
  33 vault guards
  14 yaktaur captains
  A minotaur (Lab)
  21 jiangshi
  6 deep elf high priests
  9 entropy weavers
  Fannar (Lair:3)
  23 ice dragons
  Harold (Lair:1)
  A ghost crab (Swamp:4)
  15 naga warriors
  The ghost of topkek the Blocker, a journeyman DsFi of Okawaru (Orc:2)
  13 great orbs of eyes
  A spectral shadow dragon (Crypt:3)
  8 rakshasas
  26 hydras
  12 centaur warriors
  4 death knights
  14 anacondas
  Erica (D:10)
  2 ghost crabs (shapeshifter)
  14 death yaks
  15 ogre magi
  A spectral stone giant (Crypt:3)
  15 deep troll earth magi
  5 spriggan air magi
  10 deep troll shamans
  2 catoblepae
  4 tengu warriors
  16 dancing weapons
  An orc high priest (Orc:4)
  14 alligators
  12 spriggan berserkers
  3 hell hogs
  11 naga sharpshooters
  11 vampire magi
  7 thrashing horrors (Abyss:1)
  A titan zombie (Crypt:1)
  Urug (Orc:1)
  10 shock serpents
  Sonja (Orc:4)
  2 iron golems (Hell)
  20 small abominations
  6 iron trolls
  An ice devil (Hell)
  3 salamander mystics
  7 soul eaters
  3 wretched stars (Abyss:1)
  2 titan skeletons (Crypt:1)
  A fire crab (Vaults:1)
  6 unseen horrors
  A fire crab (shapeshifter) (Vaults:3)
  6 hell knights
  A spatial maelstrom (Abyss:1)
  34 skeletal warriors
  9 giant orange brains
  6 sun demons
  A storm dragon skeleton (Vaults:5)
  2 spriggan druids
  27 deep elf knights
  A shadow demon (Depths:3)
  35 deep trolls
  A shambling mangrove (Swamp:4)
  4 flayed ghosts
  22 orc knights
  6 hill giants
  9 naga ritualists
  14 swamp dragons
  An orange crystal statue (D:10)
  4 shadow wraiths
  A swamp dragon (shapeshifter) (Depths:3)
  A gelid demonspawn (Depths:3)
  8 mana vipers
  9 phantasmal warriors
  2 wizards
  2 lindwurms (shapeshifter)
  19 deep elf summoners
  2 giant orange brains (shapeshifter)
  2 lindwurms
  A wolf spider zombie (D:15)
  17 ironbrand convokers
  36 ugly things
  13 deep elf conjurers
  A fire giant zombie (Crypt:2)
  10 necromancers
  6 wolf spiders
  2 cyclopes (shapeshifter)
  An iron dragon zombie (Crypt:1)
  11 griffons
  7 sixfirhies
  4 manticores
  7 orc sorcerers
  3 hornets
  An octopode (shapeshifter) (Vaults:4)
  A stone giant zombie (Crypt:1)
  9 cyclopes
  16 elephants
  An oklob plant (Lair:7)
  A salamander (shapeshifter) (Elf:2)
  3 worldbinders (Abyss:1)
  5 shining eyes
  26 moths of wrath
  A dire elephant zombie (Crypt:1)
  A frost giant skeleton (Vaults:1)
  11 salamanders
  9 rust devils
  A black mamba (shapeshifter) (Depths:2)
  A toenail golem (Abyss:1)
  12 guardian serpents
  4 gargoyles
  A storm dragon simulacrum (Crypt:1)
  11 naga magi
  A fire giant skeleton (Abyss:1)
  3 eyes of devastation
  3 orange demons
  An apocalypse crab (Abyss:1)
  29 black mambas
  A salamander skeleton (Vaults:4)
  7 smoke demons
  15 vault sentinels
  16 spiny frogs
  An elephant slug zombie (Crypt:1)
  The ghost of Clownie the Conjurer, a novice NaWz of Ashenzari (D:6)
  56 yaktaurs
  2 fire drakes
  3 hellions
  A yaktaur zombie (Vaults:4)
  7 kobold demonologists
  4 human zombies
  5 hellwings
  A tormentor (Abyss:1)
  2 komodo dragons (shapeshifter) (Depths:5)
  6 komodo dragons
  5 ancient zymes (Abyss:1)
  8 red devils
  7 tengu conjurers
  A queen bee (shapeshifter) (Elf:1)
  A demonic crawler (Depths:5)
  A jumping spider (shapeshifter) (Vaults:3)
  4 trolls
  A minotaur zombie (Crypt:2)
  12 freezing wraiths
  A queen bee (Lair:3)
  A troll (shapeshifter) (Vaults:2)
  22 polar bears
  A wind drake (shapeshifter) (Vaults:5)
  20 deep elf priests
  3 merfolk (shapeshifter)
  A polar bear (shapeshifter) (Depths:3)
  5 giant leeches
  17 two-headed ogres
  4 raiju (Abyss:1)
  144 slime creatures
  A blue devil (Depths:4)
  A harpy skeleton (D:15)
  2 ettin zombies (Crypt:1)
  A two-headed ogre (shapeshifter) (Vaults:1)
  A minotaur skeleton (Lab)
  4 boulder beetles
  12 bog bodies
  A frost giant simulacrum (Vaults:4)
  13 large abominations
  6 vampires
  6 spriggans
  57 flying skulls
  2 trapdoor spiders
  13 blink frogs
  A stone giant simulacrum (Vaults:1)
  10 shadows
  6 hogs (D:14)
  An ettin skeleton (Crypt:3)
  A tarantella (shapeshifter) (Depths:1)
  9 starcursed masses (Abyss:1)
  13 redbacks
  42 deep elf magi
  An alligator skeleton (Crypt:1)
  10 air elementals
  5 wyverns
  7 basilisks
  A water elemental (Depths:4)
  A giant leech zombie (Crypt:2)
  41 vampire mosquitoes
  11 wraiths
  4 ynoxinuls
  6 golden eyes (Slime:3)
  A fire bat (Abyss:1)
  48 deep elf fighters
  8 hungry ghosts
  3 tarantellas
  42 yaks
  A basilisk (shapeshifter) (Depths:2)
  A mottled dragon (Vaults:2)
  2 fire elementals (Hell)
  56 nagas
  2 hippogriffs (shapeshifter)
  6 insubstantial wisps
  3 neqoxecs
  A soldier ant (D:13)
  4 chaos spawn
  26 wolves
  8 wargs
  16 hippogriffs
  26 swamp worms
  A spatial vortex (Abyss:1)
  19 water moccasins
  2 swamp drakes (shapeshifter)
  A sky beast (shapeshifter) (D:14)
  A monstrous demonspawn skeleton (Crypt:1)
  7 hell hounds
  65 orc warriors
  8 wasps
  11 swamp drakes
  9 phantoms
  3 sky beasts
  An ettin simulacrum (Abyss:1)
  A black bear (shapeshifter) (Vaults:4)
  37 centaurs
  3 ice beasts
  59 ogres
  13 porcupines
  3 eyes of draining
  3 black bears
  12 boggarts
  9 necrophages
  11 crocodiles
  An elf zombie (Crypt:2)
  2 brain worms (Abyss:1)
  3 human skeletons
  A wyvern zombie (D:10)
  10 big kobolds
  An earth elemental (Lab)
  21 giant frogs
  A water moccasin zombie (D:9)
  A dryad skeleton (Crypt:2)
  A wyvern skeleton (D:7)
  A boulder beetle zombie (Crypt:2)
  A troll zombie (Crypt:1)
  2 scorpions
  24 killer bees (Lair:3)
  12 wights
  An elf simulacrum (Vaults:1)
  4 lava snakes (Lab)
  4 quasits
  41 orc priests
  12 crimson imps
  31 jellies
  A giant frog zombie (D:10)
  5 centaur zombies
  3 human simulacra
  11 iguanas
  10 centaur skeletons
  A wasp zombie (D:12)
  A yaktaur simulacrum (Vaults:1)
  5 hounds
  6 iron imps
  52 orc wizards
  8 giant frog skeletons
  A demonspawn skeleton (Crypt:1)
  Natasha (thrice) (D:2)
  12 worker ants
  6 ogre zombies (D:10)
  27 sheep
  A naga zombie (Crypt:1)
  A sky beast zombie (Crypt:1)
  A naga skeleton (Crypt:1)
  A tengu skeleton (Crypt:1)
  76 river rats
  16 white imps
  10 shadow imps
  14 adders
  5 ufetubi
  14 oozes
  An adder zombie (D:8)
  3 adder skeletons
  An iguana zombie (Crypt:2)
  4 worms
  217 orcs
  6 giant cockroaches
  10 goblins
  5 hobgoblins
  2 jackals (D:2)
  53 kobolds
  5 quokkas
  2 ball pythons (Lair:4)
  A ball python skeleton (Crypt:1)
  4 bats
  6 giant geckos
  6 giant newts
  A giant newt skeleton (Crypt:1)
  2 goblin skeletons (D:10)
  2 goblin zombies (D:10)
  2 orc skeletons (D:10)
  13 orc zombies (D:10)
  A quokka skeleton (Crypt:2)
  9 rats
  10 briar patches
  A butterfly (Lair:8)
  2 crawling corpses (Elf:3)
  7 fire vortices
  11 fungi
  A lurking horror (Abyss:1)
  10 plants
  4 starspawn tentacles (Abyss:1)
3518 creatures vanquished.

Vanquished Creatures (collateral kills)
  A curse toe (Zot:4)
  A lich (Crypt:3)
  2 Orb Guardians (Zot:5)
  A deep elf blademaster (Elf:3)
  A deep elf master archer (Elf:3)
  A sphinx (Vaults:5)
  A storm dragon (Vaults:5)
  A tengu reaver (Vaults:5)
  An iron dragon (Depths:3)
  3 deep elf sorcerers (Elf:3)
  A stone giant (Depths:3)
  A reaper (Depths:2)
  A draconian caller (Zot:4)
  A green draconian (Zot:4)
  2 deep elf annihilators (Elf:3)
  A red draconian (Zot:5)
  2 deep elf death magi (Elf:3)
  A yaktaur captain (Vaults:5)
  2 deep elf high priests (Elf:3)
  A shadow wraith (Crypt:3)
  2 deep trolls (Vaults:2)
  A flayed ghost (Depths:3)
  3 ironbrand convokers (Vaults:5)
  A sixfirhy (Zot:5)
  A salamander (Depths:2)
  An ice statue (IceCv)
  A smoke demon (Zot:5)
  A rust devil (Depths:2)
  A small abomination (Elf:3)
  3 slime creatures (Slime:5)
  A yak (IceCv)
  A wolf (IceCv)
  An orc warrior (Vaults:5)
  An iron imp (Zot:5)
  A crawling corpse (Elf:3)
  A fire vortex (Vaults:5)
47 creatures vanquished.

Vanquished Creatures (others)
  2 eldritch tentacles (Zot:5)
  A shadow dragon (Vaults:5)
  A tengu reaver (Vaults:5)
  A storm dragon (Vaults:5)
  A deep elf sorcerer (Vaults:5)
  2 ironheart preservers
  A salamander stormcaller (Vaults:5)
  An ettin (Vaults:5)
  A vault guard (Vaults:5)
  An ogre mage (Vaults:5)
  A hydra (Swamp:3)
  2 deep troll earth magi (Vaults:4)
  A shadow wraith (Vaults:5)
  A deep troll (Vaults:4)
  3 ironbrand convokers (Vaults:5)
  A cyclops (Vaults:2)
  A frost giant skeleton (Vaults:5)
  A yaktaur zombie (Vaults:5)
  A deep elf priest (Vaults:5)
  A slime creature (Vaults:1)
  A deep elf mage (Elf:1)
  A deep elf fighter (Elf:2)
  A porcupine (Lair:7)
  An orc warrior (Vaults:5)
  3 ogres (Vaults:5)
  A boggart (Depths:4)
  A crimson imp (Depths:2)
  An orc wizard (Vaults:5)
  An iron imp (Abyss:1)
  3 orcs (Vaults:5)
  A briar patch (Swamp:2)
  A bush (Swamp:4)
  A crawling corpse (Vaults:5)
  153 eldritch tentacle segments (Zot:5)
  9 fungi
  4 lost souls
  6 starspawn tentacles (Abyss:1)
  44 starspawn tentacle segments (Abyss:1)
258 creatures vanquished.

Grand Total: 3823 creatures vanquished

Notes
Turn   | Place    | Note
--------------------------------------------------------------
     0 | D:1      | Starbucks the Minotaur Fighter began the quest for the Orb.
     0 | D:1      | Reached XP level 1. HP: 19/19 MP: 0/0
   105 | D:1      | Reached skill level 4 in Fighting
   141 | D:1      | Reached XP level 2. HP: 27/27 MP: 1/1
   507 | D:1      | Reached skill level 5 in Fighting
   516 | D:1      | Reached XP level 3. HP: 36/36 MP: 2/2
   793 | D:2      | Noticed Natasha
   800 | D:2      | Killed Natasha
   800 | D:2      | Reached skill level 6 in Fighting
   800 | D:2      | Reached XP level 4. HP: 39/44 MP: 3/3
  1095 | D:2      | Noticed Natasha
  1100 | D:2      | Killed Natasha
  1124 | D:2      | Noticed Natasha
  1130 | D:2      | Killed Natasha
  1645 | D:3      | Reached XP level 5. HP: 37/51 MP: 4/4
  1906 | D:3      | Reached skill level 7 in Fighting
  2121 | D:4      | Got a heavily runed cloak
  2127 | D:4      | Identified the +2 cloak of the Crown {-Tele Str+4 Dex+4 Slay+3} (You found it on level 4 of the Dungeon)
  2339 | D:4      | Reached skill level 8 in Fighting
  2341 | D:4      | Reached XP level 6. HP: 61/61 MP: 5/5
  2542 | D:4      | Reached skill level 9 in Fighting
  2739 | D:4      | Noticed a black bear
  2743 | D:4      | Killed a black bear
  2743 | D:4      | Reached XP level 7. HP: 67/71 MP: 2/6
  2796 | D:4      | Reached skill level 10 in Fighting
  3119 | D:5      | Entered Level 5 of the Dungeon
  3158 | D:5      | Found a stormy altar of Qazlal.
  3260 | D:5      | Found a staircase to the Ecumenical Temple.
  3282 | Temple   | Entered the Ecumenical Temple
  3290 | Temple   | Became a worshipper of Trog the Wrathful
  3312 | D:5      | Got a heavily runed cloak
  3325 | D:5      | Identified the +1 cloak of Demons {+Inv rCorr SInv} (You found it on level 5 of the Dungeon)
  3351 | D:5      | Got a steaming leather armour
  3362 | D:5      | Identified the cursed +1 leather armour of Juhieh {rC+} (You found it on level 5 of the Dungeon)
  3500 | D:5      | Found a sacrificial altar of Ru.
  4214 | D:6      | Reached skill level 5 in Axes
  4243 | D:6      | Noticed Clownie's ghost (novice NaWz)
  4259 | D:6      | Killed Clownie's ghost
  4259 | D:6      | Reached XP level 8. HP: 64/80 MP: 2/7
  4996 | D:7      | Reached * piety under Trog
  5268 | D:7      | Reached skill level 10 in Axes
  5268 | D:7      | Reached XP level 9. HP: 80/86 MP: 2/8
  5427 | D:7      | Found a shimmering altar of Xom.
  5474 | D:7      | Reached skill level 11 in Axes
  5559 | D:7      | Found a shadowy altar of Dithmenos.
  6160 | D:8      | Reached skill level 12 in Axes
  6310 | D:9      | Reached ** piety under Trog
  6310 | D:9      | Reached skill level 13 in Axes
  6409 | D:9      | Found a white marble altar of Elyvilon.
  6412 | D:9      | Found a shattered altar of Ashenzari.
  6415 | D:9      | Found a deep blue altar of Sif Muna.
  6418 | D:9      | Found an iron altar of Okawaru.
  6450 | D:9      | Found Daneacvaenku's Gadget Shop.
  6454 | D:9      | Found Ifigint's Magic Scroll Emporium.
  6466 | D:9      | Bought a scroll of remove curse for 42 gold pieces
  6466 | D:9      | Bought a scroll of brand weapon for 280 gold pieces
  6466 | D:9      | Bought a scroll of identify for 28 gold pieces
  6487 | D:9      | Found Qozin's Food Shoppe.
  6549 | D:9      | Noticed a centaur skeleton
  6556 | D:9      | Killed a centaur skeleton
  6609 | D:9      | Found Wucs's Jewellery Boutique.
  6667 | D:9      | Reached XP level 10. HP: 92/92 MP: 9/9
  6708 | D:9      | Found Vuxe's Gadget Boutique.
  6936 | D:10     | Entered Level 10 of the Dungeon
  6984 | D:10     | Found a staircase to the Lair.
  6992 | D:10     | Reached skill level 14 in Axes
  7183 | D:10     | Noticed Erica
  7193 | D:10     | Killed Erica
  7424 | D:10     | Reached skill level 5 in Armour
  7772 | D:10     | Noticed an ice dragon
  7789 | D:10     | Killed an ice dragon
  7988 | D:10     | Reached *** piety under Trog
  8089 | D:10     | Found a staircase to the Orcish Mines.
  8231 | D:10     | Found an iron altar of Okawaru.
  8380 | D:10     | Noticed an orange crystal statue
  8478 | D:10     | Killed an orange crystal statue
  8723 | D:11     | Reached skill level 5 in Dodging
  8723 | D:11     | Reached XP level 11. HP: 98/100 MP: 10/10
  8795 | D:11     | Noticed a guardian serpent
  8802 | D:11     | Killed a guardian serpent
  8923 | D:11     | Noticed an orc knight
  8941 | D:11     | Killed an orc knight
  9007 | D:11     | Noticed a hill giant
  9014 | D:11     | Killed a hill giant
  9083 | D:11     | Noticed a guardian serpent
  9090 | D:11     | Killed a guardian serpent
  9163 | D:11     | Reached **** piety under Trog
  9253 | D:11     | Noticed a cyclops
  9267 | D:11     | Killed a cyclops
  9273 | D:11     | Identified a scroll of acquirement
  9274 | D:11     | Got a pair of encrusted boots
  9280 | D:11     | Identified the +0 pair of boots of the Game of Kings {MP+9} (You acquired it on level 11 of the Dungeon)
  9448 | D:11     | Reached skill level 15 in Axes
  9877 | D:12     | Reached XP level 12. HP: 82/112 MP: 11/11
  9986 | D:12     | Gained mutation: You are agile. (Dex +2) [mutagenic meat]
  9987 | D:12     | Gained mutation: You have supernaturally acute eyesight. [mutagenic meat]
  9988 | D:12     | Gained mutation: You passively map a small area around you. [mutagenic meat]
  9989 | D:12     | Gained mutation: You are covered in fur (AC +1). [mutagenic meat]
  9990 | D:12     | Gained mutation: You passively map the area around you. [mutagenic meat]
 10075 | D:12     | Reached skill level 10 in Armour
 10439 | D:12     | Reached ***** piety under Trog
 10449 | D:12     | Found a portal to a secret trove of treasure.
 10458 | Trove    | Entered a treasure trove
 10504 | Trove    | Got a twitching wooden ring
 10528 | Trove    | Identified the ring "Nox Rod" {*Drain rPois EV+1 Str+4} (You found it in a treasure trove)
 10551 | Trove    | Got a slimy shortbow
 10646 | Trove    | Got a shimmering hunting sling
 10787 | D:12     | Noticed an unseen horror
 10791 | D:12     | Killed an unseen horror
 10985 | Orc:1    | Entered Level 1 of the Orcish Mines
 11039 | Orc:1    | Found Kyskioff's Magic Scroll Boutique.
 11089 | Orc:1    | Bought a scroll of identify for 24 gold pieces
 11089 | Orc:1    | Bought a scroll of identify for 24 gold pieces
 11089 | Orc:1    | Bought 3 scrolls of identify for 72 gold pieces
 11097 | Orc:1    | Noticed Urug
 11113 | Orc:1    | Killed Urug
 11363 | Orc:1    | Found a roughly hewn altar of Beogh.
 11499 | Orc:2    | Found a roughly hewn altar of Beogh.
 12036 | Orc:2    | Reached skill level 10 in Dodging
 12039 | Orc:2    | Noticed topkek's ghost (journeyman DsFi)
 12054 | Orc:2    | Killed topkek's ghost
 12458 | Orc:3    | Found a staircase to the Elven Halls.
 12473 | Orc:3    | Received a gift from Trog
 12924 | Orc:4    | Entered Level 4 of the Orcish Mines
 13060 | Orc:4    | Noticed Sonja
 13069 | Orc:4    | Killed Sonja
 13185 | Orc:4    | Noticed Rupert
 13204 | Orc:4    | Killed Rupert
 13285 | Orc:4    | Reached XP level 13. HP: 102/119 MP: 12/12
 13659 | Orc:4    | Noticed Nessos
 13677 | Orc:4    | Noticed an orc warlord
 13688 | Orc:4    | Killed Nessos
 13691 | Orc:4    | Killed an orc warlord
 13739 | Orc:4    | Reached skill level 16 in Axes
 13979 | Orc:4    | Found a roughly hewn altar of Beogh.
 13980 | Orc:4    | Received a gift from Trog
 14002 | Orc:4    | Found Maiv's Antique Weapon Boutique.
 14049 | Orc:4    | Found Dempocso's General Store.
 14057 | Orc:4    | Bought a potion of heal wounds for 60 gold pieces
 14057 | Orc:4    | Bought 2 potions of agility for 96 gold pieces
 14081 | Orc:4    | Found Vakhliwe's Antique Armour Boutique.
 14092 | Orc:4    | Bought a runed hat for 152 gold pieces
 14231 | Orc:4    | Noticed Donald
 14242 | Orc:4    | Killed Donald
 14339 | Orc:4    | Found Raetey's Book Boutique.
 14786 | Lair:1   | Entered Level 1 of the Lair of Beasts
 14800 | Lair:1   | Noticed Harold
 14806 | Lair:1   | Killed Harold
 14845 | Lair:1   | Found a frozen archway.
 14871 | IceCv    | Entered an ice cave
 14926 | IceCv    | Received a gift from Trog
 15079 | IceCv    | Noticed a frost giant
 15097 | IceCv    | Killed a frost giant
 15097 | IceCv    | Reached XP level 14. HP: 91/130 MP: 5/13
 16812 | Lair:2   | Received a gift from Trog
 17684 | Lair:3   | Noticed Fannar
 17691 | Lair:3   | Reached ****** piety under Trog
 17693 | Lair:3   | Killed Fannar
 17891 | D:9      | Bought a scroll of identify for 28 gold pieces
 18079 | Lair:3   | Found a staircase to the Swamp.
 18612 | Lair:3   | Received a gift from Trog
 18815 | Lair:4   | Found a staircase to the Snake Pit.
 19185 | Lair:4   | Received a gift from Trog
 19863 | Lair:5   | Reached skill level 15 in Armour
 20256 | Lair:5   | Reached skill level 17 in Axes
 20786 | Lair:6   | Received a gift from Trog
 20928 | Lair:6   | Reached XP level 15. HP: 139/139 MP: 7/14
 21440 | Lair:7   | Found a staircase to the Slime Pits.
 21770 | Lair:7   | Received a gift from Trog
 21777 | Lair:7   | Got a faintly glowing battleaxe {god gift}
 21778 | Lair:7   | Identified the +5 battleaxe of Scorn {freeze, Int+4} (Trog gifted it to you on level 7 of the Lair of Beasts)
 22094 | Lair:8   | Entered Level 8 of the Lair of Beasts
 22467 | Lair:8   | Got a sparkling copper ring
 22477 | Lair:8   | Identified the ring "Iklutuuff" {+Inv Dex+4} (You found it on level 8 of the Lair of Beasts)
 23046 | Swamp:1  | Entered Level 1 of the Swamp
 23088 | Swamp:1  | Reached skill level 15 in Fighting
 23115 | Swamp:1  | Received a gift from Trog
 23119 | Swamp:1  | Reached skill level 15 in Dodging
 24276 | Swamp:2  | Noticed a thorn hunter
 24286 | Swamp:2  | Killed a thorn hunter
 24298 | Swamp:2  | Reached XP level 16. HP: 104/149 MP: 15/15
 24465 | Swamp:2  | Received a gift from Trog
 24558 | Swamp:2  | Noticed a thorn hunter
 24571 | Swamp:2  | Killed a thorn hunter
 25236 | Swamp:2  | You fall through a shaft!
 25263 | Swamp:3  | Reached skill level 18 in Axes
 26235 | Swamp:4  | Entered Level 4 of the Swamp
 26246 | Swamp:4  | Received a gift from Trog
 26630 | Swamp:4  | Noticed the 27-headed Lernaean hydra
 26644 | Swamp:4  | Killed the 21-headed Lernaean hydra
 26695 | Swamp:4  | Got a decaying rune of Zot
 27669 | Elf:1    | Entered Level 1 of the Elven Halls
 27676 | Elf:1    | Received a gift from Trog
 27678 | Elf:1    | Reached XP level 17. HP: 158/158 MP: 16/16
 28017 | D:10     | Received a gift from Trog
 28152 | Lair:4   | Got a scorched scale mail
 28163 | Lair:4   | Identified the cursed +1 scale mail "Hasogu" {rElec} (You found it on level 4 of the Lair of Beasts)
 28380 | Elf:1    | Noticed Agnes
 28386 | Elf:1    | Killed Agnes
 28505 | Elf:1    | Found Ynkud's Gadget Emporium.
 28789 | Elf:1    | Noticed Nikola
 28800 | Elf:1    | Killed Nikola
 29234 | Elf:1    | Received a gift from Trog
 29777 | Elf:2    | Reached skill level 19 in Armour
 30103 | Elf:2    | Received a gift from Trog
 30158 | Elf:2    | Found a huge runed gate.
 30158 | Elf:2    | Found a huge runed gate.
 30158 | Elf:2    | Found a huge runed gate.
 30161 | Elf:2    | Found a huge runed gate.
 30161 | Elf:2    | Found a huge runed gate.
 30213 | Elf:2    | Got a twisted spear
 30214 | Elf:2    | Identified the +9 spear "Quecwu" {venom, +Inv} (You found it on level 2 of the Elven Halls)
 30583 | Elf:2    | Noticed cba's ghost (adept FeBe)
 30597 | Elf:2    | Killed cba's ghost
 30699 | Elf:2    | Noticed Asterion
 30726 | Elf:2    | Killed Asterion
 30790 | Elf:2    | Received a gift from Trog
 31190 | Elf:3    | Entered Level 3 of the Elven Halls
 31379 | Elf:3    | Found Coti's Jewellery Shoppe.
 31809 | Elf:3    | Reached XP level 18. HP: 168/168 MP: 17/17
 32011 | Elf:3    | Received a gift from Trog
 32302 | Elf:3    | Reached skill level 20 in Armour
 32469 | Elf:3    | Received a gift from Trog
 32783 | Elf:3    | Got an encrusted hand axe {flame}
 32872 | Elf:3    | Identified the +7 hand axe "Efegheox" {flame, Str+4 Int+4 Dex-3} (You took it off a deep elf sorcerer on level 3 of the Elven Halls)
 32878 | Elf:3    | Got a crude brass ring
 32885 | Elf:3    | Identified the cursed ring "Qemolec" {*Drain rF+ Int-2 Dex+6} (You took it off a deep elf sorcerer on level 3 of the Elven Halls)
 32892 | Elf:3    | Got a warped leather armour
 32893 | Elf:3    | Identified the +3 leather armour of the Raven {+Blink MR+++ SInv} (You took it off a deep elf sorcerer on level 3 of the Elven Halls)
 33142 | Elf:3    | Got a pitted chain mail
 33144 | Elf:3    | Got a smoking copper ring
 33178 | Elf:3    | Cast into the Abyss (a deep elf sorcerer)
 33178 | Abyss:1  | Found a corrupted altar of Lugonu.
 33338 | Abyss:1  | Found a radiant altar of Vehumet.
 33370 | Abyss:1  | Noticed a bone dragon
 33378 | Abyss:1  | Killed a bone dragon
 33516 | Abyss:1  | Received a gift from Trog
 33712 | Abyss:1  | Reached skill level 21 in Armour
 33770 | Abyss:1  | Reached XP level 19. HP: 124/177 MP: 18/18
 33809 | Abyss:1  | Noticed a bone dragon
 33830 | Abyss:1  | Killed a bone dragon
 33991 | Abyss:1  | Noticed a lich
 34011 | Abyss:1  | Killed a lich
 34062 | Elf:3    | Escaped the Abyss
 34082 | Elf:3    | HP: 1/178 [deep elf high priest/a malign offering (31)]
 34898 | D:12     | Identified the cursed +0 chain mail "Uscheneu" {rPois rF- rN++ Stlth+} (You took it off a deep elf blademaster on level 3 of the Elven Halls)
 35251 | Elf:3    | Identified the ring "Fymy" {Wiz Dex+4} (You took it off a deep elf sorcerer on level 3 of the Elven Halls)
 35557 | D:13     | Found a labyrinth entrance.
 35566 | Lab      | Entered a labyrinth
 35692 | Lab      | Received a gift from Trog
 35764 | Lab      | Gained mutation: You are robust (+10% HP). [potion of beneficial mutation]
 37709 | Lab      | Got a slimy glass ring
 38208 | D:13     | Found a gate to the Vaults.
 38544 | D:14     | Noticed Kirke
 38555 | D:14     | Killed Kirke
 38642 | D:14     | Received a gift from Trog
 38955 | D:14     | Identified the ring of the Duke {rPois rN+ Int+2 Slay+2 SInv} (You found it in a labyrinth)
 39008 | D:15     | Entered Level 15 of the Dungeon
 39241 | D:15     | Found a sacrificial altar of Ru.
 39436 | D:15     | Found a staircase to the Depths.
 40198 | Slime:1  | Entered Level 1 of the Pits of Slime
 40360 | Slime:1  | Received a gift from Trog
 40706 | Slime:2  | Gained mutation: Armour fits poorly on your strangely shaped body. [a shining eye]
 40836 | Slime:2  | Lost mutation: Armour fits poorly on your strangely shaped body. [a shining eye]
 40837 | Slime:2  | Gained mutation: You have a pair of large horns on your head. [a shining eye]
 40840 | Slime:2  | Gained mutation: You regenerate slowly when monsters are visible. [a shining eye]
 41098 | Slime:3  | Received a gift from Trog
 41654 | Depths:1 | Entered Level 1 of the Depths
 41666 | Depths:1 | Noticed Saint Roka
 41691 | Depths:1 | Killed Saint Roka
 41691 | Depths:1 | Reached skill level 22 in Armour
 41887 | Depths:1 | Reached XP level 20. HP: 202/206 MP: 19/19
 41913 | Depths:1 | Found a glowing golden altar of the Shining One.
 42164 | Depths:1 | Received a gift from Trog
 42213 | Depths:1 | Paralysed by a boggart for 5 turns
 42283 | Depths:1 | Paralysed by a sphinx for 6 turns
 42704 | Depths:1 | Got a scorched cloak
 42715 | Depths:1 | Identified the +3 cloak "Wylisuh" {*Confuse MR+ Stlth+} (You found it on level 1 of the Depths)
 42718 | Depths:1 | Found a gateway to Hell.
 42809 | Depths:2 | Noticed Norris
 42826 | Depths:2 | Killed Norris
 43003 | Depths:2 | Noticed Aizul
 43015 | Depths:2 | Killed Aizul
 43194 | Depths:2 | Received a gift from Trog
 44143 | Depths:2 | Cast into the Abyss (a deep elf demonologist)
 44192 | Abyss:1  | Found a snail-covered altar of Cheibriados.
 44242 | Abyss:1  | Found a snail-covered altar of Cheibriados.
 44643 | Abyss:1  | Found a corrupted altar of Lugonu.
 44773 | Abyss:1  | Lost mutation: You are robust (+10% HP). [a cacodemon]
 44779 | Abyss:1  | Gained mutation: You occasionally shout uncontrollably at your foes. [a cacodemon]
 44842 | Abyss:1  | Received a gift from Trog
 45209 | Depths:2 | Escaped the Abyss
 45211 | Depths:2 | Reached skill level 23 in Armour
 45256 | Depths:2 | Gained mutation: You are dopey. (Int -2) [mutagenic glow]
 45623 | D:9      | Bought a scroll of enchant armour for 105 gold pieces
 45905 | Depths:2 | Found a one-way gate leading to the halls of Pandemonium.
 45939 | Depths:2 | Noticed the Enchantress
 45986 | Depths:2 | Killed the Enchantress
 45986 | Depths:2 | Reached XP level 21. HP: 88/198 MP: 20/20
 46039 | Depths:2 | Received a gift from Trog
 46669 | Depths:2 | Found a shattered altar of Ashenzari.
 46874 | Hell     | Entered the Vestibule of Hell
 46874 | Hell     | Noticed Geryon
 46984 | Hell     | Killed Geryon
 47499 | Hell     | Received a gift from Trog
 48559 | Vaults:1 | Entered Level 1 of the Vaults
 49144 | Slime:2  | Received a gift from Trog
 49531 | Slime:3  | Lost mutation: You have supernaturally acute eyesight. [a shining eye]
 49533 | Slime:3  | Gained mutation: You are very dopey. (Int -4) [a shining eye]
 49535 | Slime:3  | Lost mutation: You are agile. (Dex +2) [a shining eye]
 49566 | Slime:3  | Lost mutation: You are covered in fur (AC +1). [potion of cure mutation]
 49566 | Slime:3  | Lost mutation: You occasionally shout uncontrollably at your foes. [potion of cure mutation]
 49566 | Slime:3  | Lost mutation: You are very dopey. (Int -4) [potion of cure mutation]
 49566 | Slime:3  | Lost mutation: You have a pair of large horns on your head. [potion of cure mutation]
 49566 | Slime:3  | Lost mutation: You are dopey. (Int -2) [potion of cure mutation]
 49864 | Slime:4  | Noticed Dissolution
 49887 | Slime:3  | Killed Dissolution
 50166 | Slime:4  | Gained mutation: You do not regenerate naturally when monsters are visible. [a shining eye]
 50167 | Slime:4  | Gained mutation: Armour fits poorly on your strangely shaped body. [a shining eye]
 50168 | Slime:4  | Gained mutation: Your body sometimes deteriorates upon taking damage. [a shining eye]
 50341 | Slime:5  | Gained mutation: You expend magic power (3 MP) to strengthen your wands. [a shining eye]
 50748 | Slime:5  | Received a gift from Trog
 50832 | Slime:4  | Gained mutation: You do not regenerate naturally. [a shining eye]
 50895 | Slime:5  | Noticed riffraff's ghost (veteran GrFi)
 50917 | Slime:5  | Killed riffraff's ghost
 50922 | Slime:5  | Paralysed by a great orb of eyes for 6 turns
 51911 | D:9      | Gained mutation: You are frail (-10% HP). [potion of mutation]
 51911 | D:9      | Lost mutation: You are frail (-10% HP). [potion of mutation]
 52130 | Depths:1 | Gained mutation: Your flesh is heat resistant. [potion of beneficial mutation]
 52190 | Depths:2 | Got a faerie dragon armour
 52201 | Depths:2 | Identified the +3 faerie dragon armour {+Fly Str+2 Dex+2} (You took it off the Enchantress on level 2 of the Depths)
 52259 | Depths:2 | Noticed a juggernaut
 52284 | Depths:2 | Killed a juggernaut
 52284 | Depths:2 | Reached XP level 22. HP: 185/211 MP: 21/21
 52420 | Depths:3 | Found a gateway to a ziggurat.
 52697 | Depths:3 | Noticed a juggernaut
 52699 | Depths:3 | Noticed a caustic shrike
 52706 | Depths:3 | Killed a caustic shrike
 52712 | Depths:3 | Killed a juggernaut
 52712 | Depths:3 | Reached skill level 24 in Armour
 52718 | Depths:3 | Noticed a juggernaut
 52733 | Depths:3 | Killed a juggernaut
 52733 | Depths:3 | Received a gift from Trog
 52937 | Depths:3 | Noticed Wiglaf
 53253 | Orc:1    | Bought a scroll of enchant armour for 90 gold pieces
 54122 | Slime:6  | Entered Level 6 of the Pits of Slime
 55163 | D:13     | Received a gift from Trog
 55299 | Depths:3 | Noticed Frederick
 55312 | Depths:3 | Killed Frederick
 55350 | Depths:3 | Killed Wiglaf
 55476 | Depths:3 | Noticed Louise
 55492 | Depths:3 | Killed Louise
 55576 | Depths:3 | Found a one-way gate to the infinite horrors of the Abyss.
 55604 | Depths:3 | Noticed Frances
 55610 | Depths:3 | Killed Frances
 57113 | Vaults:1 | Gained mutation: You have a somewhat thin skeletal structure (Dex +2, Stealth). [mutagenic meat]
 57114 | Vaults:1 | Gained mutation: You are dopey. (Int -2) [mutagenic meat]
 57116 | Vaults:1 | Gained mutation: Your skin changes colour to match your surroundings (Stealth). [mutagenic meat]
 57118 | Vaults:1 | Lost mutation: You do not regenerate naturally. [mutagenic meat]
 57248 | Vaults:2 | Got a faintly glowing broad axe
 57267 | Vaults:2 | Identified the +10 broad axe "Dragonslayer" {chop, rElec Stlth+} (You found it on level 2 of the Vaults)
 57548 | Vaults:2 | Found a roughly hewn altar of Beogh.
 57552 | Vaults:2 | Received a gift from Trog
 57650 | Vaults:2 | Reached XP level 23. HP: 223/223 MP: 22/22
 57857 | Vaults:2 | Received a gift from Trog
 58216 | Vaults:2 | Gained mutation: You tend to lose your temper in combat. [mutagenic meat]
 58217 | Vaults:2 | Lost mutation: You expend magic power (3 MP) to strengthen your wands. [mutagenic meat]
 58350 | Vaults:2 | Found a staircase to the Crypt.
 58742 | Crypt:1  | Entered Level 1 of the Crypt
 58982 | Crypt:1  | Received a gift from Trog
 59039 | Crypt:1  | Reached XP level 24. HP: 208/233 MP: 22/22
 59725 | Crypt:2  | Noticed Xtahua
 59730 | Crypt:2  | Noticed Jorgrun
 59736 | Crypt:2  | Killed Xtahua
 59745 | Crypt:2  | Killed Jorgrun
 60106 | Crypt:2  | Reached skill level 25 in Armour
 60759 | Crypt:3  | Entered Level 3 of the Crypt
 61049 | Crypt:3  | Found a basalt altar of Yredelemnul.
 61422 | Crypt:3  | Reached XP level 25. HP: 203/243 MP: 22/22
 61658 | Crypt:3  | Got a bloodstained scale mail
 61669 | Crypt:3  | Identified the +6 scale mail of Gawk {rN+ Str-5 Int+3} (You found it on level 3 of the Crypt)
 61690 | Crypt:3  | Received a gift from Trog
 62309 | Crypt:3  | Noticed Jory
 62309 | Crypt:3  | Found a staircase to the Tomb.
 62326 | Crypt:3  | Killed Jory
 62818 | Vaults:3 | Lost mutation: Your flesh is heat resistant. [mutagenic meat]
 63282 | Vaults:3 | Received a gift from Trog
 63731 | Vaults:3 | Found Gofin's Book Boutique.
 64049 | Vaults:3 | Received a gift from Trog
 64308 | Vaults:4 | Gained mutation: You have an increased reservoir of magic (+10% MP). [mutagenic meat]
 64522 | Vaults:4 | Lost mutation: Your body sometimes deteriorates upon taking damage. [mutagenic meat]
 64523 | Vaults:4 | Gained mutation: You can spit weak poison. [mutagenic meat]
 64530 | Vaults:4 | Gained mutation: Your body sometimes deteriorates upon taking damage. [mutagenic meat]
 64531 | Vaults:4 | Lost mutation: Your body sometimes deteriorates upon taking damage. [mutagenic meat]
 64746 | Vaults:4 | Received a gift from Trog
 65476 | Vaults:4 | Received a gift from Trog
 65724 | Vaults:5 | Entered Level 5 of the Vaults
 65739 | Vaults:5 | Received a gift from Trog
 65751 | Vaults:5 | Noticed Mara
 65804 | Vaults:5 | Reached XP level 26. HP: 253/253 MP: 24/24
 65812 | Vaults:5 | Noticed Starbucks's illusion
 65816 | Vaults:5 | Reached skill level 26 in Armour
 65818 | Vaults:5 | Noticed an ancient lich
 65900 | Vaults:5 | Killed Mara
 65903 | Vaults:5 | Killed an ancient lich
 65935 | Vaults:4 | Received a gift from Trog
 66258 | Vaults:5 | Noticed Boris
 66481 | Vaults:5 | Killed Boris
 66491 | Vaults:4 | Received a gift from Trog
 66916 | Vaults:5 | Got a transparent cloak
 66917 | Vaults:5 | Identified the +4 cloak of Kuanaif {+Fly rPois MP+9 Dex-4} (You found it on level 5 of the Vaults)
 67027 | Vaults:5 | Received a gift from Trog
 67265 | Vaults:5 | Got a fine brass ring
 67267 | Vaults:5 | Identified the ring of Circularity {Fire *Confuse +Blink rPois Int-5} (You found it on level 5 of the Vaults)
 67480 | Vaults:5 | Gained mutation: You do not regenerate naturally. [mutagenic meat]
 67586 | Vaults:5 | Cast into the Abyss (a deep elf sorcerer)
 67586 | Abyss:1  | Found a corrupted altar of Lugonu.
 67591 | Vaults:5 | Escaped the Abyss
 67809 | Vaults:5 | Got a warped chain mail
 67811 | Vaults:5 | Identified the +8 chain mail of Amorality {rF+ Int+2} (You found it on level 5 of the Vaults)
 68067 | Vaults:5 | Got a silver rune of Zot
 69841 | Snake:1  | Entered Level 1 of the Snake Pit
 70589 | Snake:1  | Received a gift from Trog
 70597 | Snake:1  | Found Wotasu's Whimsical Warehouse.
 70886 | Snake:2  | Lost mutation: Armour fits poorly on your strangely shaped body. [mutagenic meat]
 70887 | Snake:2  | Lost mutation: You tend to lose your temper in combat. [mutagenic meat]
 70889 | Snake:2  | Gained mutation: You are weak. (Str -2) [mutagenic meat]
 71416 | Snake:3  | Reached XP level 27. HP: 171/264 MP: 11/24
 71452 | Snake:3  | Reached skill level 27 in Axes
 71523 | Snake:3  | Found Ustran's Gadget Shoppe.
 71642 | Snake:3  | Found Gecamame's Antique Weapon Emporium.
 71679 | Snake:3  | Found Iluittil's Magic Scroll Emporium.
 72045 | Elf:1    | Bought a wand of digging (7) for 374 gold pieces
 72399 | Snake:3  | Bought a scroll of identify for 28 gold pieces
 72399 | Snake:3  | Bought a scroll of identify for 28 gold pieces
 72399 | Snake:3  | Bought a scroll of enchant armour for 105 gold pieces
 72399 | Snake:3  | Bought a scroll of blinking for 105 gold pieces
 72399 | Snake:3  | Bought a scroll of identify for 28 gold pieces
 72399 | Snake:3  | Bought a scroll of brand weapon for 280 gold pieces
 72399 | Snake:3  | Bought a scroll of identify for 28 gold pieces
 73258 | Snake:4  | Entered Level 4 of the Snake Pit
 74092 | Snake:4  | Lost mutation: You passively map the area around you. [mutagenic meat]
 74101 | Snake:3  | Lost mutation: You have a somewhat thin skeletal structure (Dex +2, Stealth). [mutagenic meat]
 74103 | Snake:3  | Gained mutation: You are very weak. (Str -4) [mutagenic meat]
 74104 | Snake:3  | Lost mutation: You are dopey. (Int -2) [mutagenic meat]
 74158 | Snake:4  | Reached skill level 27 in Armour
 74191 | Snake:3  | Gained mutation: You can spit poison. [mutagenic meat]
 74192 | Snake:3  | Gained mutation: Your mind is acute. (Int +2) [mutagenic meat]
 74580 | Snake:4  | Lost mutation: You are very weak. (Str -4) [mutagenic meat]
 74625 | Snake:4  | Got a serpentine rune of Zot
 75193 | Depths:3 | Noticed Sojobo
 75203 | Depths:3 | Killed Sojobo
 75283 | Depths:3 | Lost mutation: You are weak. (Str -2) [potion of mutation]
 75283 | Depths:3 | Gained mutation: You are clumsy. (Dex -2) [potion of mutation]
 75983 | Depths:4 | Found a corrupted altar of Lugonu.
 76109 | Depths:4 | Found a flickering gateway to a bazaar.
 76120 | Bazaar   | Entered a bazaar
 76120 | Bazaar   | Found Alojad's Antique Armour Emporium.
 76136 | Bazaar   | Found Jaolou's Food Emporium.
 76153 | Bazaar   | Found Qiwnyuho's Antique Armour Emporium.
 76182 | Bazaar   | Bought a beef jerky for 13 gold pieces
 76182 | Bazaar   | Bought a bread ration for 45 gold pieces
 76182 | Bazaar   | Bought a royal jelly for 18 gold pieces
 76182 | Bazaar   | Bought a bread ration for 45 gold pieces
 77554 | Depths:4 | Reached skill level 1 in Stealth
 77594 | Depths:4 | Lost mutation: You have an increased reservoir of magic (+10% MP). [mutagenic meat]
 77595 | Depths:4 | Gained mutation: You tend to lose your temper in combat. [mutagenic meat]
 77603 | Depths:4 | Lost mutation: You passively map a small area around you. [mutagenic meat]
 77609 | Depths:4 | Gained mutation: Your spells are a little harder to cast, but a little more powerful. [mutagenic meat]
 77624 | Depths:4 | Noticed a juggernaut
 77644 | Depths:4 | Killed a juggernaut
 77888 | Depths:4 | Got an ichor-stained chain mail
 77891 | Depths:4 | Identified the cursed +0 chain mail of a treasure trove {rF+} (You found it on level 4 of the Depths)
 78313 | Depths:5 | Entered Level 5 of the Depths
 78600 | Depths:5 | Received a gift from Trog
 78740 | Depths:5 | Reached skill level 5 in Stealth
 78792 | Depths:5 | Lost mutation: You do not regenerate naturally. [mutagenic meat]
 78794 | Depths:5 | Lost mutation: You tend to lose your temper in combat. [mutagenic meat]
 78796 | Depths:5 | Gained mutation: You expend magic power (3 MP) to strengthen your wands. [mutagenic meat]
 79140 | Depths:5 | Noticed a juggernaut
 79145 | Depths:5 | Killed a juggernaut
 79526 | Depths:5 | Received a gift from Trog
 79560 | Depths:5 | Noticed a juggernaut
 79574 | Depths:5 | Killed a juggernaut
 80064 | Depths:5 | Found a gate to the Realm of Zot.
 80413 | Zot:1    | Entered Level 1 of the Realm of Zot
 80898 | Zot:1    | Paralysed by a Zot trap for 5 turns
 81240 | Zot:1    | Reached skill level 27 in Fighting
 81645 | Zot:2    | Noticed an orb of fire
 81664 | Zot:2    | Killed an orb of fire
 81984 | Zot:2    | Reached skill level 27 in Dodging
 82012 | Zot:2    | Reached skill level 10 in Stealth
 82709 | Zot:3    | Received a gift from Trog
 83433 | Zot:4    | Noticed murphy's ghost (legendary NaMo)
 83456 | Zot:4    | Killed murphy's ghost
 83804 | Zot:4    | Reached skill level 15 in Stealth
 83839 | Zot:4    | Received a gift from Trog
 83842 | Zot:4    | Got an iridescent executioner's axe {god gift}
 83850 | Zot:4    | Identified the +10 executioner's axe of Vohaadwu {chop, Int+4} (Trog gifted it to you on level 4 of the Realm of Zot)
 83994 | Zot:4    | Noticed an orb of fire
 83994 | Zot:4    | Noticed an orb of fire
 84001 | Zot:4    | Gained mutation: Scrolls take you a little longer to read. [an orb of fire]
 84002 | Zot:4    | Lost mutation: You do not regenerate naturally when monsters are visible. [an orb of fire]
 84006 | Zot:4    | Lost mutation: Your mind is acute. (Int +2) [an orb of fire]
 84011 | Zot:4    | Killed an orb of fire
 84021 | Zot:4    | Killed an orb of fire
 84575 | Zot:4    | Noticed an orb of fire
 84584 | Zot:4    | Killed an orb of fire
 85180 | Zot:5    | Entered Level 5 of the Realm of Zot
 85562 | Zot:5    | Noticed an ancient lich
 85568 | Zot:5    | Killed an ancient lich
 85589 | Zot:5    | Noticed an orb of fire
 85592 | Zot:5    | Gained mutation: You are dopey. (Int -2) [an orb of fire]
 85604 | Zot:5    | Killed an orb of fire
 85618 | Zot:5    | Noticed an orb of fire
 85629 | Zot:5    | Noticed an orb of fire
 85632 | Zot:5    | Killed an orb of fire
 85647 | Zot:5    | Killed an orb of fire
 85663 | Zot:5    | Noticed an ancient lich
 85713 | Zot:5    | Noticed an ancient lich
 86277 | Zot:5    | Killed an ancient lich
 86412 | Zot:5    | Noticed an ancient lich
 86425 | Zot:5    | Killed an ancient lich
 86564 | Zot:5    | Killed an ancient lich
 86722 | Zot:5    | Noticed an ancient lich
 86772 | Zot:5    | Killed an ancient lich
 87093 | Zot:5    | Noticed an orb of fire
 87107 | Zot:5    | Killed an orb of fire
 87157 | Zot:5    | Noticed an orb of fire
 87172 | Zot:5    | Killed an orb of fire
 87197 | Zot:5    | Got the Orb of Zot
 87221 | Zot:5    | Received a gift from Trog
 87231 | Zot:5    | Noticed an orb of fire
 87232 | Zot:5    | Gained mutation: Armour fits poorly on your strangely shaped body. [an orb of fire]
 87234 | Zot:5    | Gained mutation: You are very clumsy. (Dex -4) [an orb of fire]
 87244 | Zot:5    | Killed an orb of fire
 87295 | Zot:5    | Noticed Wyrad the pandemonium lord
 87473 | Zot:4    | Noticed Nywkiene the pandemonium lord
 87528 | Zot:4    | Noticed Babysh the pandemonium lord
 87790 | Depths:5 | Noticed Durchaoba the pandemonium lord
 87819 | Depths:5 | Killed Durchaoba the pandemonium lord
 87922 | Depths:4 | Noticed an ancient lich
 87928 | Depths:4 | Noticed Tuimaf the pandemonium lord
 88049 | D:15     | Noticed Deicvum the pandemonium lord
 88056 | D:15     | Killed Deicvum the pandemonium lord
 88141 | D:13     | Noticed Hehu the pandemonium lord
 88509 | D:1      | Gained mutation: Scrolls take you longer to read. [mutagenic glow]
 88512 | D:$      | Escaped with the Orb!

Action                   |  1- 3 |  4- 6 |  7- 9 | 10-12 | 13-15 | 16-18 | 19-21 | 22-24 | 25-27 || total
-------------------------+-------+-------+-------+-------+-------+-------+-------+-------+-------++-------
Melee: War axe           |    70 |   104 |    65 |   558 |    45 |    91 |       |       |       ||   933
       Hand axe          |       |    22 |   176 |       |       |   136 |  1394 |   429 |       ||  2157
       Battleaxe         |       |       |       |    17 |   344 |   639 |    89 |     6 |   338 ||  1433
       Executioner's axe |       |       |       |       |   382 |       |       |       |  1972 ||  2354
       Broad axe         |       |       |       |       |       |       |       |   605 |   139 ||   744
Invok: Berserk           |       |       |     2 |    26 |    18 |    28 |    36 |    20 |    61 ||   191
       Burn Spellbooks   |       |       |     1 |     1 |     5 |     2 |     3 |     3 |    12 ||    27
       Trog's Hand       |       |       |       |     1 |       |     2 |     5 |    22 |    82 ||   112
       Brothers in Arms  |       |       |       |       |     1 |     2 |     5 |     5 |    14 ||    27
 Abil: Evoke Invisibilit |       |       |       |       |       |     1 |       |       |       ||     1
Evoke: Wand              |       |       |       |       |     1 |     6 |     2 |     1 |    19 ||    29
       Horn of Geryon    |       |       |       |       |       |       |     1 |     1 |       ||     2
  Use: Potion            |     1 |     1 |       |     2 |     6 |     8 |    25 |     2 |    21 ||    66
       Scroll            |       |     4 |    14 |    15 |     8 |     8 |    18 |     4 |    31 ||   102
 Stab: Sleeping          |       |       |     1 |     1 |       |       |       |    22 |    26 ||    50
       Confused          |       |       |       |       |     2 |       |       |       |     1 ||     3
       Distracted        |       |       |       |       |       |       |     1 |     5 |    10 ||    16
       Held in net/web   |       |       |       |       |       |       |       |     2 |       ||     2
  Eat: Chunk             |       |     2 |     1 |    32 |    28 |    13 |     9 |    47 |   128 ||   260
       Meat ration       |       |     1 |     2 |     1 |     1 |     3 |     3 |       |    12 ||    23
       Bread ration      |       |       |     1 |     1 |     1 |     4 |     8 |     3 |     5 ||    23
       Royal jelly       |       |       |       |     6 |     6 |     6 |     3 |     2 |     5 ||    28
       Fruit             |       |       |       |       |     4 |     1 |    12 |     1 |    12 ||    30
       Beef jerky        |       |       |       |       |     1 |     2 |    14 |     1 |     2 ||    20
       Pizza             |       |       |       |       |       |       |     3 |     1 |       ||     4
